 Dungeon Crawl Stone Soup version 0.25-a0-972-g74ed164fb1 (webtiles) character file.

Game seed: 2732811798383511760, levelgen mode: deterministic

835 Morbidden the Firebug (level 7, -9/37 HPs)
             Began as a Tengu Fire Elementalist on May 9, 2020.
             Killed from afar by an orc wizard (12 damage)
             ... with a puff of flame
             ... on level 5 of the Dungeon.
             The game lasted 00:10:52 (5508 turns).

Morbidden the Firebug (Tengu Fire Elementalist)     Turns: 5508, Time: 00:10:52

Health: -9/37      AC:  3    Str:  8    XL:     7   Next: 99%
Magic:  5/14       EV: 15    Int: 18    God:
Gold:   138        SH:  0    Dex: 14    Spells: 10/14 levels left

rFire    . . .     SeeInvis .   k - +1 dagger (venom)
rCold    . . .     Gourm    .   (no shield)
rNeg     . . .     Faith    .   d - +0 leather armour
rPois    .         Spirit   .   (helmet restricted)
rElec    .         Reflect  .   (no cloak)
rCorr    +         Harm     .   (no gloves)
MR       .....                  (boots unavailable)
Stlth    ++........             (no amulet)
HPRegen  0.12/turn              b - ring of resist corrosion
MPRegen  0.14/turn              (no ring)

@: flying quickly and evasively, quick
A: beak, talons 3, able to fly
a: Stop Flying


You were on level 5 of the Dungeon.
You were not hungry.

You visited 1 branch of the dungeon, and saw 5 of its levels.

You collected 138 gold pieces.

Inventory:

Hand Weapons
 k - a +1 dagger of venom (weapon)
Missiles
 a - 2 atropa-tipped darts (quivered)
Armour
 d - a +0 leather armour (worn)
Jewellery
 b - a ring of resist corrosion (left hand)
Wands
 r - a wand of enslavement (4)
 w - a wand of acid (4)
Scrolls
 e - a scroll of fog {unknown}
 f - 3 scrolls of teleportation
 i - 2 scrolls of amnesia
 l - a scroll of enchant weapon {unknown}
 n - 2 scrolls of immolation {unknown}
 q - 3 scrolls of identify
 v - a scroll of fear {unknown}
Potions
 g - 2 potions of haste
 h - 2 potions of degeneration {unknown}
 j - 4 potions of might {unknown}
 m - 2 potions of stabbing {unknown}
 o - 2 potions of resistance {unknown}
 p - a potion of heal wounds {unknown}
 t - a potion of cancellation {unknown}
 u - 2 potions of mutation {unknown}
Comestibles
 c - 11 rations
 s - 2 chunks of flesh


   Skills:
 + Level 0.5 Fighting
 + Level 0.9 Short Blades
 + Level 2.0 Armour
 + Level 2.9 Dodging
 + Level 2.3 Stealth
 + Level 4.4 Spellcasting
 * Level 5.7 Conjurations
 * Level 6.3 Fire Magic


You had 10 spell levels left.
You knew the following spells:

 Your Spells              Type           Power        Failure   Level  Hunger
a - Foxfire               Conj/Fire      ####         1%          1    None
b - Conjure Flame         Conj/Fire      ####....     4%          3    ###....

Your spell library contained the following spells:

 Spells                   Type           Power        Failure   Level  Hunger
 Inner Flame              Hex/Fire       ###.....     16%         3    ###....
 Sticky Flame             Conj/Fire      ####....     17%         4    ####...
 Fireball                 Conj/Fire      ####......   43%         5    ######.


Dungeon Overview and Level Annotations

Branches:
Dungeon (5/15)
 Temple: D:4-7

Altars:
Nemelex Xobeh
Yredelemnul

Annotations:
D:3 1 runed translucent door, kelmiir's ghost, amateur DsMo


Innate Abilities, Weirdness & Mutations

You have a beak for a mouth.
You have claws for feet.
You can fly continuously.


Message History

The orc hits you with a +0 mace.
Casting: Foxfire (safe; 1% risk of failure)
Confirm with . or Enter, or press ? or * to list all spells.
You conjure some foxfire!
Something hits you.
The foxfire hits something but does no damage. x2
Something hits you but does no damage. The orc hits you with a +0 mace.
Unknown command.
Casting: Foxfire (safe; 1% risk of failure)
Confirm with . or Enter, or press ? or * to list all spells.
You conjure some foxfire!
Something hits you but does no damage. The orc closely misses you.
The foxfire hits something!
The foxfire hits something.
Something hits you.
* * * LOW HITPOINT WARNING * * *
The orc hits you with a +0 mace.
* * * LOW HITPOINT WARNING * * *
Unknown command.
You hear some strange, mumbled words.
A puff of flame appears from out of thin air!
The puff of flame hits you!
You die...

#.#.# ...#$#
#####.#.### ...#.
#....÷÷...# ....
#.........# ...#
#.........# ...#
#.........# ...# .
#.........###o..#...
............§.)..)...
≈≈≈≈≈≈≈≈≈≈≈≈≈§@...≈≈≈≈
≈≈≈≈≈≈≈≈≈≈≈≈≈≈....≈≈≈≈
≈≈≈≈≈≈≈≈≈≈≈≈....≈≈≈≈
...................
##########++++####


You could see an orc.

Vanquished Creatures
  A phantom (D:5)
  A necrophage (D:4)
  2 howler monkeys (D:4)
  A bullfrog zombie (D:4)
  A crimson imp (D:5)
  2 orc wizards
  4 orc priests (D:3)
  A centaur skeleton (D:4)
  2 iguanas (D:4)
  2 worker ants (D:4)
  2 gnolls (D:5)
  4 adders
  3 oozes
  3 worms
  3 dart slugs (D:1)
  5 leopard geckos
  11 orcs
  11 bats
  A giant cockroach (D:2)
  15 goblins
  10 hobgoblins
  13 jackals
  5 kobolds
  3 quokkas
  7 frilled lizards
  6 rats
119 creatures vanquished.

Vanquished Creatures (collateral kills)
  A rat (D:3)
1 creature vanquished.

Vanquished Creatures (others)
  358 foxfires
358 creatures vanquished.

Grand Total: 478 creatures vanquished

Notes
Turn   | Place    | Note
-------+----------+-------------------------------------------
     0 | D:1      | Morbidden the Tengu Fire Elementalist began the quest for
                  | the Orb.
     0 | D:1      | Reached XP level 1. HP: 10/10 MP: 4/4
   105 | D:1      | Reached XP level 2. HP: 15/15 MP: 4/6
   439 | D:1      | Reached XP level 3. HP: 16/19 MP: 2/7
   540 | D:1      | Reached skill level 4 in Fire Magic
   881 | D:1      | Found a sparkling altar of Nemelex Xobeh.
  1722 | D:2      | Reached XP level 4. HP: 16/24 MP: 3/8
  2417 | D:3      | Found a sparkling altar of Nemelex Xobeh.
  2497 | D:3      | Gained mutation: You can fly continuously. [Tengu growth]
  2497 | D:3      | Reached XP level 5. HP: 13/28 MP: 2/10
  2928 | D:3      | Noticed kelmiir's ghost (amateur DsMo)
  2935 | D:3      | Found a runed translucent door.
  3009 | D:3      | Reached XP level 6. HP: 32/32 MP: 5/11
  3233 | D:3      | Reached skill level 5 in Fire Magic
  3384 | D:3      | Reached skill level 1 in Armour
  3545 | D:4      | Noticed a necrophage
  3561 | D:4      | Killed a necrophage
  3566 | D:4      | Learned a level 3 spell: Conjure Flame
  4626 | D:4      | Reached XP level 7. HP: 33/36 MP: 9/13
  4843 | D:4      | Reached skill level 5 in Conjurations
  4851 | D:4      | Reached skill level 6 in Fire Magic
  4966 | D:4      | Found a basalt altar of Yredelemnul.
  5279 | D:5      | Entered Level 5 of the Dungeon
  5508 | D:5      | Killed from afar by an orc wizard

Illustrated notes

Levels and vault maps discovered:
D:1:      minmay_arrival_shattered_statue, layout_rooms,
          nemelex_diamond_rough_becter
D:2:      layout_basic
D:3:      layout_loops_cross, hellmonk_ghost_happy_afterlife, first_ration,
          nemelex_spade_bored_becter
D:4:      layout_basic, lemuel_crystal_altar
D:5:      lemuel_castle_with_subvaults [lemuel_castle_interior_carwin_1],
          layout_rooms, nicolae_overflow_crystal_walls, chequers_garden,
          uniq_ijyb

Skill      XL: |  1  2  3  4  5  6  7 |
---------------+----------------------+-----
Fire Magic     | 4 5 6 |  6.3
Conjurations   | 2 3 4 5 |  5.7
Spellcasting   | 3 4 |  4.4
Armour         | 1 2 |  2.0
Fighting       | |  0.5
Short Blades   | |  0.9
Dodging        | |  2.9
Stealth        | |  2.3

Action                   |  1- 3 |  4- 6 |  7- 9 || total
-------------------------+-------+-------+-------++-------
Melee: Dagger            |    30 |    24 |    25 ||    79
       Peck              |     5 |     5 |     4 ||    14
       Kick              |     2 |     3 |     6 ||    11
 Cast: Foxfire           |    75 |   126 |    51 ||   252
 Abil: Fly               |       |     1 |       ||     1
  Use: Scroll            |     1 |     2 |       ||     3
  Eat: Chunk             |     3 |     9 |     3 ||    15
Armor: Robe              |    16 |       |       ||    16
       Leather armour    |     9 |    10 |     7 ||    26
Dodge: Dodged            |    64 |    50 |    43 ||   157

Table legend:
 A = Non-vault XP
 B = Vault XP
 C = Vault XP percentage of total XP
 D = Non-vault monster count
 E = Vault monster count
 F = Vault count percentage of total count
                 A         B        C        D         E       F
            +---------+---------+-------+---------+---------+-------
      Total |    1157 |      37 |   3.1 |     114 |       6 |   5.0
            +---------+---------+-------+---------+---------+-------
        D:1 |      54 |       0 |   0.0 |      28 |       0 |   0.0
        D:2 |      54 |       0 |   0.0 |      21 |       0 |   0.0
        D:3 |     239 |       0 |   0.0 |      36 |       0 |   0.0
        D:4 |     571 |       0 |   0.0 |      24 |       0 |   0.0
        D:5 |     239 |      37 |  13.4 |       5 |       6 |  54.5
            +---------+---------+-------+---------+---------+-------
